 Dungeon Crawl Stone Soup version 0.28-a0-750-g7c675f85b1 (webtiles) character file.

Game seed: 17545588408430633139

1513 bande the Chopper (level 8, 0/73 HPs)
             Began as a Gargoyle Fighter on Oct 30, 2021.
             Was a Follower of Okawaru.
             Slain by a steam dragon (8 damage)
             ... on level 7 of the Dungeon.
             The game lasted 00:11:33 (8096 turns).

bande the Chopper (Gargoyle Fighter)                Turns: 8096, Time: 00:11:33

Health: 0/73       AC: 24    Str: 21    XL:     8   Next: 83%
Magic:  9/9        EV:  2    Int:  9    God:    Okawaru [*.....]
Gold:   281        SH:  5    Dex: 16    Spells: 7/7 levels left

rFire   . . .      SeeInvis .   a - +1 war axe (venom)
rCold   . . .      Faith    .   c - +0 buckler
rNeg    + . .      Spirit   .   (armour currently unavailable)
rPois   ∞          Reflect  .   (helmet currently unavailable)
rElec   .          Harm     .   (cloak currently unavailable)
rCorr   .          Rampage  .   (gloves currently unavailable)
Will    .....      NoTele   +   (boots currently unavailable)
Stlth   +.........              (no amulet)
HPRegen 0.22/turn               f - +6 ring of dexterity
MPRegen 0.11/turn               (no ring)

@: tree-form
A: stationary, stasis, torment immunity, boosted hp, sickness immunity, AC +5,
negative energy resistance 1, (electricity resistance), torment resistance 1,
petrification resistance
a: Renounce Religion, Heroism


You were on level 7 of the Dungeon.
You worshipped Okawaru.
Okawaru was aware of your devotion.
You were a tree.
You visited 2 branches of the dungeon, and saw 8 of its levels.

You collected 281 gold pieces.

Inventory:

Hand Weapons
 a - a +1 war axe of venom (weapon)
 o - a +0 flail of venom
Armour
 b - a +0 scale mail (melded)
 c - a +0 buckler (worn)
 g - a +0 helmet (melded)
 n - a +0 pair of boots (melded)
Jewellery
 f - a +6 ring of dexterity (left branch)
 k - an amulet of the acrobat
Wands
 i - a wand of polymorph (7)
 r - a wand of digging (1)
 s - a wand of flame (17)
Scrolls
 d - a scroll of enchant weapon
 e - a scroll of fear
 m - a scroll of teleportation
 p - a scroll of identify
Potions
 h - a potion of magic
 j - a potion of invisibility
 q - 2 potions of brilliance


   Skills:
 + Level 5.3 Fighting
 + Level 6.6 Axes
 + Level 6.3 Armour
 + Level 5.2 Shields
 * Level 2.2 Invocations
 * Level 1.7 Evocations


You had 7 spell levels left.
You didn't know any spells.
Your spell library contained the following spells:

 Spells                   Type           Power      Damage    Failure   Level
 Apportation              Tloc           0%         N/A       38%         1
 Pain                     Necr           0%         1d4       38%         1
 Blink                    Tloc           0%         N/A       52%         2
 Ensorcelled Hibernation  Hex/Ice        0%         N/A       52%         2
 Lesser Beckoning         Tloc           0%         N/A       77%         3
 Spider Form              Tmut/Pois      0%         N/A       77%         3
 Agony                    Necr           0%         N/A       100%        5
 Alistair's Intoxication  Tmut/Pois      0%         N/A       100%        5
 Excruciating Wounds      Necr           0%         N/A       100%        5
 Manifold Assault         Tloc           0%         N/A       100%        5
 Invisibility             Hex            0%         N/A       100%        6
 Tukima's Dance           Hex            Unusable   N/A       N/A         3

Dungeon Overview and Level Annotations

Branches:
Dungeon (7/15)             Temple (1/1) D:6

Altars:
Dithmenos
Elyvilon
Fedhas
Gozag
Hepliaklqana
Makhleb
Nemelex Xobeh
Okawaru
Qazlal
Trog
Vehumet
Yredelemnul
Zin
The Shining One

Shops:
D:1 *   D:3 *   D:4 **[!   D:5 [:=


Innate Abilities, Weirdness & Mutations

You are a tree.
Your roots penetrate the ground, keeping you stationary.
You cannot be teleported.
You are immune to unholy pain and torment.
Your maximum health is greatly increased.
Your equipment is partially melded.
You are immune to sickness and miasma.
((Your stone body is resilient. (AC +5)))
You are immune to poison.
You resist negative energy. (rN+)
((You are resistant to electric shocks. (rElec)))
You are resistant to unholy torment.
You are immune to petrification.


Message History

Unknown command.
You hit the steam dragon.
The steam dragon is moderately wounded.
You barely miss the centaur zombie.
The centaur zombie hits you but does no damage.
The centaur zombie kicks you but does no damage.
The steam dragon breathes steam at you. The ball of steam hits you!
* * * LOW HITPOINT WARNING * * *
The centaur zombie hits you but does no damage.
You block the centaur zombie's attack.
Unknown command.
It was a potion of lignification.
You turn into a tree.
Your +0 helmet melds into your body.
Your +0 pair of boots melds into your body.
Your +0 scale mail melds into your body.
Your roots penetrate the ground.
You are engulfed in a cloud of scalding steam.
* * * LOW HITPOINT WARNING * * *
The steam dragon bites you but does no damage.
The steam dragon claws you but does no damage.
The centaur zombie is engulfed in a cloud of scalding steam.
The centaur zombie hits you but does no damage.
The centaur zombie completely misses you.
You slash the steam dragon!
The steam dragon is severely wounded.
You slash the centaur zombie!
The centaur zombie is engulfed in a cloud of scalding steam.
The centaur zombie hits you but does no damage.
The centaur zombie kicks you but does no damage.
The steam dragon bites you but does no damage.
The steam dragon claws you but does no damage.
You hit the steam dragon but do no damage.
The steam dragon is poisoned.
The steam dragon is severely wounded.
You hit the centaur zombie but do no damage.
You block the centaur zombie's attack.
The centaur zombie kicks you but does no damage.
The steam dragon bites you!
You die...

........ ###..... .
.......###....#.#### ..
..............#....##...
#......#...#....##......
#......)...#............
.................†......
........#......†.#
.......##..#...ZD##
..#........###..♣.#
............###.§.#
.##..#......?###§.#
.###.......... §§..#
...#†..............#
.................§..
.#..................#
####..#..........#.## #
##########


You could see a steam dragon (very poisoned, catching breath) and a centaur
zombie.

Vanquished Creatures
  Prince Ribbit (D:7)
  A wyvern (D:7)
  A water moccasin (D:6)
  Pargi (D:3)
  An ogre (D:5)
  A black bear (D:7)
  4 centaurs
  A gnoll sergeant (D:6)
  A centaur zombie (D:4)
  A bullfrog skeleton (D:5)
  2 hounds
  2 orc priests
  An iguana (D:5)
  An orc wizard (D:3)
  A howler monkey zombie (D:6)
  3 gnolls (D:6)
  5 adders
  2 worms
  3 dart slugs
  14 orcs
  4 ball pythons
  5 endoplasms
  2 giant cockroaches (D:3)
  16 goblins
  9 hobgoblins
  3 quokkas
  6 bats
  3 frilled lizards
  4 kobolds
  8 rats
107 creatures vanquished.

Notes
Turn   | Place    | Note
-------+----------+-------------------------------------------
     0 | D:1      | bande the Gargoyle Fighter began the quest for the Orb.
     0 | D:1      | Reached XP level 1. HP: 14/14 MP: 1/1
   122 | D:1      | Found Picru's Assorted Antiques.
   131 | D:1      | Reached XP level 2. HP: 18/19 MP: 2/2
   301 | D:1      | Found a bloodstained altar of Trog.
   814 | D:2      | Found a faded altar of an unknown god.
   827 | D:2      | Reached XP level 3. HP: 24/24 MP: 3/3
  1701 | D:3      | Found Cetad's Assorted Antiques.
  1832 | D:3      | Reached XP level 4. HP: 29/29 MP: 4/4
  2108 | D:3      | Reached XP level 5. HP: 17/33 MP: 5/5
  2877 | D:4      | Noticed Pargi
  2903 | D:3      | Killed Pargi
  2904 | D:3      | Reached XP level 6. HP: 17/38 MP: 6/6
  3893 | D:4      | Found Lamuntuili's Armour Emporium.
  4169 | D:4      | Found Ygerghu's Assorted Antiques.
  4179 | D:4      | Found Rost's Assorted Antiques.
  4233 | D:4      | Found Yxzusadd's Antique Weapon Shop.
  4238 | D:4      | Found Ibuapt's Distillery.
  4506 | D:5      | Entered Level 5 of the Dungeon
  4506 | D:5      | Found a blossoming altar of Fedhas.
  4507 | D:5      | Found Kaofaexy's Jewellery Boutique.
  5565 | D:5      | Reached XP level 7. HP: 29/44 MP: 7/7
  5684 | D:5      | Found a white marble altar of Elyvilon.
  5784 | D:5      | Reached skill level 5 in Axes
  5784 | D:5      | Reached skill level 5 in Armour
  5925 | D:5      | Found Fuozxeucw's Armour Boutique.
  5961 | D:5      | Found a burning altar of Makhleb.
  6529 | D:5      | Found Nilo's Book Emporium.
  6894 | D:6      | Found a staircase to the Ecumenical Temple.
  6911 | Temple   | Entered the Ecumenical Temple
  6981 | Temple   | Became a worshipper of Warmaster Okawaru
  7018 | D:6      | Found a glowing silver altar of Zin.
  7032 | D:6      | Reached skill level 5 in Fighting
  7032 | D:6      | Reached XP level 8. HP: 32/49 MP: 8/8
  7247 | D:6      | Reached skill level 1 in Invocations
  7892 | D:6      | Found an opulent altar of Gozag.
  7926 | D:7      | Noticed Prince Ribbit
  7947 | D:7      | Killed Prince Ribbit
  7947 | D:7      | Reached * piety under Okawaru
  7948 | D:7      | Reached skill level 5 in Shields
  7948 | D:7      | Reached skill level 1 in Evocations
  8063 | D:7      | Noticed a wyvern
  8071 | D:7      | Killed a wyvern
  8096 | D:7      | Slain by a steam dragon

Illustrated notes

Levels and vault maps discovered:
D:1:      amcnicky_arrival_abandoned_market, layout_basic, serial_shops,
          nicolae_shop_trees, serial_bayou_pond_c, kennysheep_flooded_box,
          serial_bayou_pond_e
D:2:      layout_basic, hellmonk_ecumenical_altar_blasted, grunt_ministairs_1
D:3:      layout_basic, serial_shops, nicolae_shop_crystal,
          minmay_misc_feat_tiny, minmay_fractal_squares_gapless_5
D:4:      layout_loops_ring, serial_glass, glass_columns_b, glass_columns_a,
          item_on_display_b, item_on_display_a, minmay_strange_pillars,
          minmay_strange_pillars, serial_shops,
          nicolae_shop_temple_entry_statues_fountains, shop,
          nicolae_shop_statue_plus, shop, shop, uniq_pargi
D:5:      layout_cave_pools, mainiacjoe_overflow_cross_hatched,
          fedhas_bush_and_centaur_altar, mainiacjoe_overflow_24_doors,
          serial_shops, shop, shop_fountains, nicolae_shop_crystal,
          grunt_decor_one_mirror
D:6:      layout_basic, pdpol_temple_overflow_zin_treasury_gozag_greed,
          minmay_temple_entry_offerings
D:7:      layout_cave_pools, led_sif_pool, uniq_harold, uniq_prince_ribbit1,
          uniq_pikel
Temple:   zaba_magenta_temple

Skill      XL: |  1  2  3  4  5  6  7  8 |
---------------+-------------------------+-----
Axes           | 2 3 4 5 6 |  6.6
Fighting       | 4 5 |  5.3
Shields        | 4 5 |  5.2
Armour         | 4 5 6 |  6.3
Invocations    | 2 |  2.2
Evocations     | 1 |  1.7

Action                   |  1- 3 |  4- 6 |  7- 9 || total
-------------------------+-------+-------+-------++-------
Melee: War axe           |   116 |   124 |    88 ||   328
  Use: Scroll            |     4 |     5 |     4 ||    13
       Potion            |       |     3 |     1 ||     4
Armor: Scale mail        |    68 |   127 |    70 ||   265
       Skin              |       |       |     8 ||     8
Dodge: Dodged            |    64 |    83 |    48 ||   195
Block: Buckler           |    33 |    50 |    36 ||   119

Table legend: (Time is in decaauts)
 A = Elapsed time spent in this place.
 B = Non-inter-level travel time spent in this place.
 C = Inter-level travel time spent in this place.
 D = Time resting spent in this place.
 E = Time spent auto-exploring this place.
 F = Levels seen in this place.
 G = Mean time per level.
                   A        B        C        D        E       F      G
               +--------+--------+--------+--------+--------+-----+--------+
         Total |   8213 |   8213 |      0 |   2629 |   4360 |   8 | 1026.6 |
       Dungeon |   8122 |   8122 |      0 |   2629 |   4320 |   7 | 1160.3 |
        Temple |     90 |     90 |      0 |      0 |     40 |   1 |   90.0 |
               +--------+--------+--------+--------+--------+-----+--------+

Top non-repeatable levels by time:
     D:3: 2222 daAuts
     D:4: 1777 daAuts
     D:5: 1185 daAuts
     D:6: 1058 daAuts
     D:2: 1011 daAuts
     D:1: 693 daAuts
     D:7: 174 daAuts
  Temple: 90 daAuts
